AoeStats
← G2_pizza

Nomad

508410860Analyzed
4v4 RM · 10d ago on Sep 22, 2026· 56m 22s· 8 players
Game mode
Random Map
Map size
231×231
Population
200
Speed
Normal
Resources
Standard
Victory
Conquest
Starting age
Dark Age
Ending age
Imperial Age
RankedLock teamsTeams togetherTeam positionsShared explorationLock speedFull tech treeHidden civsTurbo modeCheats
Victory
Defeat
🇻🇳 Bohemians · Vietnam
1288
+15
🇨🇳 Vietnamese · China
1280
+15
🇹🇼 Persians · Taiwan
1268
+15
🇫🇷 Sicilians · France
1163
+21
🇨🇳 Maya · China
1495
-24
🇨🇳 Spanish · China
1477
-24
🇦🇺 Lithuanians · Australia
1236
-15
🇨🇳 Khitans · China
809
-3
此身为剑所天成
9:32 Loom
14:54 Feudal Age
18:45 Forging
19:37 Domestication
22:51 Double-Bit Axe
27:45 Castle Age
26:17 Fishing Lines
29:36 Bow Saw
31:05 Husbandry
31:30 Pastoralism
32:24 Iron Casting
43:24 Light Cavalry
48:00 Scale Barding Armor
de
7:54 Loom
15:33 Feudal Age
21:33 Castle Age
28:59 Double-Bit Axe
35:30 Horse Collar
36:02 Bow Saw
41:25 Imperial Age
39:32 Wheelbarrow
38:52 Pikeman
39:32 Squires
39:38 Stone Mining
42:17 Scale Barding Armor
42:23 Forging
43:45 Halberdier
51:23 Cavalier
52:53 Scale Mail Armor
54:04 Iron Casting
G2_pizza
5:24 Loom
14:02 Feudal Age
17:37 Castle Age
20:51 Padded Archer Armor
小白妈妈
5:47 Loom
13:52 Feudal Age
17:34 Castle Age
15:54 Double-Bit Axe
18:28 Medium Warships
19:05 Wheelbarrow
19:59 Forging
21:02 Bow Saw
21:04 Town Watch
22:59 Hand Cart
24:56 Fishing Lines
26:04 Horse Collar
29:05 Gold Mining
29:13 Gillnets
32:22 Imperial Age
30:40 Scale Mail Armor
30:32 Eagle Warrior
31:13 Squires
30:59 Arson
32:09 Chain Mail Armor
32:25 Elite Eagle Warrior
34:35 Plate Mail Armor
35:43 Iron Casting
37:26 Blast Furnace
39:43 Holcans
41:48 Pikeman
43:07 Halberdier
45:56 Guilds
46:15 Conscription
5400100
12:43 Feudal Age
16:43 Castle Age
15:33 Double-Bit Axe
16:17 Fletching
16:55 Crossbowman
18:38 Bodkin Arrow
21:21 Loom
26:04 Ballistics
27:08 Padded Archer Armor
41:30 Wheelbarrow
54:58 Bow Saw
iiiiice
14:14 Feudal Age
18:31 Castle Age
17:05 Double-Bit Axe
17:31 Stone Mining
19:42 Bow Saw
20:32 Fletching
20:42 Fishing Lines
22:42 Bodkin Arrow
30:53 Padded Archer Armor
33:13 Leather Archer Armor
36:56 Imperial Age
34:47 Horse Collar
36:06 Ballistics
37:11 Thumb Ring
37:43 Bracer
38:45 Chemistry
38:53 Gold Mining
38:53 Crossbowman
42:35 Wheelbarrow
scl5724
5:42 Loom
13:12 Feudal Age
18:42 Castle Age
17:51 Double-Bit Axe
17:53 Horse Collar
21:24 Medium Warships
26:32 Wheelbarrow
27:31 Bow Saw
27:56 Scale Barding Armor
28:19 Bloodlines
29:46 Hand Cart
31:33 Gold Mining
34:26 Imperial Age
32:11 Husbandry
33:09 Gold Shaft Mining
33:14 Chain Barding Armor
33:45 Heavy Plow
34:30 Forging
34:11 Cavalier
35:37 Plate Barding Armor
36:59 Iron Casting
36:10 Savar
37:19 Town Watch
38:15 Conscription
39:45 Blast Furnace
45:25 Elite War Elephant
46:04 Fletching
49:40 Kamandaran
49:38 Bodkin Arrow
49:45 Padded Archer Armor
50:08 Ballistics
50:49 Chemistry
55:02 Leather Archer Armor
54:10 Crossbowman
54:57 Thumb Ring
55:38 Light Cavalry
57:16 Ring Archer Armor
Slayer30
5:37 Loom
14:12 Feudal Age
15:34 Double-Bit Axe
20:27 Castle Age
19:06 Fletching
30:17 Horse Collar
33:16 Heavy Plow
42:12 Bow Saw
49:03 Town Watch
51:11 Wheelbarrow
Connection lost

Rejoining the realm…

Still unreachable

The connection could not be restored.

Session expired

The server has moved on; the page needs a fresh start.